[Event "XXIV ProAm Copa Clarin 2017"]
[Site "Villa Martelli"]
[Date "2017.10.01"]
[Round "2.3"]
[White "Tomeo, Ivan"]
[Black "Abanades Flores, Diego"]
[Result "0-1"]
[ECO "A00"]
[WhiteElo "2149"]
[BlackElo "1391"]
[Annotator "RC"]
[PlyCount "80"]
[EventDate "2017.??.??"]
[EventType "swiss"]
[EventCountry "ARG"]
[SourceTitle "playchess.com"]
[Source "ChessBase"]
[SourceQuality "1"]
[TimeControl "5400+30"]

1. e4 c5 2. Nf3 e6 3. d4 cxd4 4. Nxd4 a6 5. Nc3 b5 6. Bd3 Bb7 7. Qe2 Qb6 8. Nb3 Qc7 9. f4 b4 10. Nd1 Nf6 11. c4 d6 12. Bd2 Nc6 13. Rc1 Be7 14. O-O Nd7 15. Ne3 Nc5 16. Bb1 a5 17. Qg4 g6 18. Qh3 Nxb3 19. axb3 Nd4 20. f5 Ne2+ 21. Kh1 Nxc1 22. Bxc1 Qd7 23. c5 exf5 24. exf5 dxc5 25. Rd1 Qc8 26. Qh6 Ra6 27. Re1 Qc6 28. Bd3 Kd8 29. Qh3 Re8 30. Nc4 Bf6 31. Rd1 Bd4 32. Bf4 Qd5 33. Qg3 gxf5 34. Bc7+ Kc8 35. Bb6 f4 36. Qg4+ Kb8 37. Qxf4+ Ka8 38. Bf1 Rg8 39. Rd2 Qe6 40. Re2 Qxe2 0-1

[Event "XXIV ProAm Copa Clarin 2017"]
[Site "Villa Martelli"]
[Date "2017.10.01"]
[Round "2.15"]
[White "Olivera, Horacio"]
[Black "Abate, Tomas"]
[Result "1/2-1/2"]
[ECO "A00"]
[WhiteElo "2097"]
[BlackElo "1726"]
[Annotator "NA RC"]
[PlyCount "109"]
[EventDate "2017.??.??"]
[EventType "swiss"]
[EventCountry "ARG"]
[SourceTitle "playchess.com"]
[Source "ChessBase"]
[SourceQuality "1"]
[TimeControl "5400+30"]

1. c4 Nf6 2. Nc3 g6 3. g3 Bg7 4. Bg2 O-O 5. Nf3 d6 6. O-O Nbd7 7. d4 e5 8. e4 exd4 9. Nxd4 Re8 10. h3 Nc5 11. Re1 a5 12. Qc2 Nfxe4 13. Nxe4 Bxd4 14. Bg5 Qd7 15. Nf6+ Bxf6 16. Bxf6 Re6 17. Qc3 Qe8 18. h4 Rxe1+ 19. Rxe1 Be6 20. h5 Qf8 21. b3 Qh6 22. hxg6 hxg6 23. f4 Bh3 24. Qe3 Ne6 25. Bxb7 Rb8 26. Bd5 Bg4 27. Bc3 Qh5 28. Qd2 Bf5 29. Qh2 Qxh2+ 30. Kxh2 a4 31. bxa4 Kf8 32. Kg2 Ke7 33. a5 Kd7 34. Kf3 c6 35. Be4 Bxe4+ 36. Kxe4 Nc5+ 37. Kf3 Na4 38. Bf6 Re8 39. Rxe8 Kxe8 40. a6 Nb6 41. a7 Kd7 42. a4 Kc7 43. Be7 Kb7 44. Bxd6 Kxa7 45. Bc5 Ka6 46. Bxb6 Kxb6 47. Ke3 Ka5 48. Kd4 Kxa4 49. Kc5 Kb3 50. g4 f5 51. gxf5 gxf5 52. Kd4 Kb4 53. Ke5 Kxc4 54. Kxf5 c5 55. Ke4 1/2-1/2

[Event "XXIV ProAm Copa Clarin 2017"]
[Site "Villa Martelli"]
[Date "2017.10.01"]
[Round "2.16"]
[White "Amedei, Hugo"]
[Black "Mosconi, Ariel"]
[Result "0-1"]
[ECO "A00"]
[WhiteElo "1541"]
[BlackElo "2077"]
[Annotator "NA RC"]
[PlyCount "72"]
[EventDate "2017.??.??"]
[EventType "swiss"]
[EventCountry "ARG"]
[SourceTitle "playchess.com"]
[Source "ChessBase"]
[SourceQuality "1"]
[TimeControl "5400+30"]

1. d4 d6 2. Nf3 c6 3. c4 Qc7 4. Nc3 e5 5. Qd3 Be7 6. Bg5 Nf6 7. Bxf6 Bxf6 8. Ne4 Be7 9. dxe5 dxe5 10. Qc3 f6 11. c5 Be6 12. e3 Bd5 13. Ned2 Nd7 14. e4 Bf7 15. b4 b6 16. cxb6 Qxb6 17. a3 a5 18. Rb1 axb4 19. axb4 O-O 20. Nc4 Qb8 21. Bd3 Ra4 22. O-O Bxb4 23. Qc2 Qa7 24. Nb2 Ra3 25. Qxc6 Rc3 26. Nc4 Rxd3 27. Rxb4 Qa2 28. Nd6 Nb8 29. Qc7 Na6 30. Qb6 Nxb4 31. Qxb4 Qb3 32. Qc5 Rd1 33. h3 Rd8 34. Nf5 Rxf1+ 35. Kxf1 Rd1+ 36. Ne1 Qc4+ 0-1

[Event "XXIV ProAm Copa Clarin 2017"]
[Site "Villa Martelli"]
[Date "2017.10.01"]
[Round "2.17"]
[White "Pucheta, Maximiliano"]
[Black "Sukudian, Ruben"]
[Result "0-1"]
[ECO "A00"]
[WhiteElo "1490"]
[BlackElo "1870"]
[Annotator "NA RC"]
[PlyCount "60"]
[EventDate "2017.??.??"]
[EventType "swiss"]
[EventCountry "ARG"]
[SourceTitle "playchess.com"]
[Source "ChessBase"]
[SourceQuality "1"]
[TimeControl "5400+30"]

1. e4 c5 2. Nf3 Nc6 3. d4 cxd4 4. Nxd4 Nf6 5. Nc3 d6 6. Be2 e6 7. Be3 Be7 8. f4 O-O 9. O-O Bd7 10. Qe1 a6 11. Rd1 Qc7 12. Qg3 Rac8 13. f5 Nxd4 14. Rxd4 Rfd8 15. Bh6 g6 16. fxg6 hxg6 17. Kh1 Qb6 18. Rd3 Nh7 19. Bh5 Be8 20. Rdf3 Qc5 21. Bg4 Bg5 22. Bxg5 Qxg5 23. h4 Qh6 24. Qf2 Qg7 25. Rh3 Rc5 26. Be2 b5 27. a3 a5 28. Bd3 b4 29. axb4 axb4 30. Na4 Bxa4 0-1

[Event "XXIV ProAm Copa Clarin 2017"]
[Site "Villa Martelli"]
[Date "2017.10.01"]
[Round "2.19"]
[White "Lopez Rebert, Pablo"]
[Black "Dani, Juan Jose"]
[Result "1-0"]
[ECO "A00"]
[WhiteElo "1924"]
[BlackElo "1549"]
[Annotator "NA RC"]
[PlyCount "55"]
[EventDate "2017.??.??"]
[EventType "swiss"]
[EventCountry "ARG"]
[SourceTitle "playchess.com"]
[Source "ChessBase"]
[SourceQuality "1"]
[TimeControl "5400+30"]

1. e4 g6 2. d4 Bg7 3. c4 d6 4. Nc3 e6 5. Nf3 h6 6. Bd3 Ne7 7. Be3 b6 8. Qd2 Bb7 9. O-O a6 10. c5 bxc5 11. dxc5 dxc5 12. Rad1 Nd7 13. Qc1 Qc8 14. Na4 O-O 15. Bxh6 Rd8 16. Bxg7 Kxg7 17. Qg5 f6 18. Qg3 e5 19. Nh4 Rh8 20. Bc4 Nf8 21. Nxc5 Bc6 22. f4 Rh5 23. Be2 Rh6 24. fxe5 Ng8 25. Nf5+ Kh7 26. exf6 Bb5 27. Bxb5 axb5 28. f7 {( 1-0 en la jugada 33 )} 1-0

[Event "XXIV ProAm Copa Clarin 2017"]
[Site "Villa Martelli"]
[Date "2017.10.01"]
[Round "2.20"]
[White "Romano, Julio Ezequiel"]
[Black "Bourgeois, William"]
[Result "0-1"]
[ECO "A00"]
[WhiteElo "1494"]
[BlackElo "1865"]
[Annotator "NA RC"]
[PlyCount "44"]
[EventDate "2017.??.??"]
[EventType "swiss"]
[EventCountry "ARG"]
[SourceTitle "playchess.com"]
[Source "ChessBase"]
[SourceQuality "1"]
[TimeControl "5400+30"]

1. e4 e6 2. d4 d5 3. e5 c5 4. c3 Nc6 5. Nf3 Qb6 6. Qb3 Bd7 7. Be3 Qxb3 8. axb3 b6 9. dxc5 bxc5 10. Bd3 f6 11. exf6 Nxf6 12. Bf4 Be7 13. Ne5 Nxe5 14. Bxe5 O-O 15. f3 Bc6 16. Nd2 Nd7 17. Bg3 Rfe8 18. Ra6 Rec8 19. Rxc6 Rxc6 20. Bb5 Rac8 21. Bxc6 Rxc6 22. f4 Ra6 0-1

[Event "XXIV ProAm Copa Clarin 2017"]
[Site "Villa Martelli"]
[Date "2017.10.01"]
[Round "2.21"]
[White "Ibanez, Nestor Edmundo"]
[Black "Sosa, Ruben"]
[Result "0-1"]
[ECO "A00"]
[WhiteElo "1407"]
[BlackElo "1843"]
[Annotator "NA RC"]
[PlyCount "84"]
[EventDate "2017.??.??"]
[EventType "swiss"]
[EventCountry "ARG"]
[SourceTitle "playchess.com"]
[Source "ChessBase"]
[SourceQuality "1"]
[TimeControl "5400+30"]

1. d4 Nf6 2. Nf3 d5 3. Bf4 c6 4. c3 Bf5 5. Nbd2 e6 6. Nh4 Bg6 7. Nxg6 hxg6 8. e3 Nbd7 9. h3 c5 10. Bb5 a6 11. Ba4 b5 12. Bc2 Rc8 13. Rc1 c4 14. e4 Nh5 15. Bh2 Nb6 16. e5 g5 17. Qf3 g6 18. g4 Ng7 19. Qf6 Rxh3 20. Ke2 Qc7 21. Bg3 Rxh1 22. Rxh1 Qd8 23. Rh8 Kd7 24. Qxf7+ Qe7 25. Qxg6 b4 26. Nf3 bxc3 27. bxc3 Qe8 28. Qxg5 Kc7 29. Rh7 Qd7 30. Qf6 Kb8 31. Ng5 Na4 32. Kd2 Nxc3 33. Nxe6 Qxe6 34. Qxe6 Nxe6 35. Kxc3 a5 36. Bf5 Bb4+ 37. Kc2 Nxd4+ 38. Kd1 c3 39. e6+ Ka8 40. e7 Nxf5 41. Bf4 c2+ 42. Ke2 Nxe7 0-1

[Event "XXIV ProAm Copa Clarin 2017"]
[Site "Villa Martelli"]
[Date "2017.10.01"]
[Round "2.23"]
[White "Fuentes, Agustin"]
[Black "Sanchez, Gabriel"]
[Result "0-1"]
[ECO "A00"]
[WhiteElo "1377"]
[BlackElo "1809"]
[Annotator "NA RC"]
[PlyCount "60"]
[EventDate "2017.??.??"]
[EventType "swiss"]
[EventCountry "ARG"]
[SourceTitle "playchess.com"]
[Source "ChessBase"]
[SourceQuality "1"]
[TimeControl "5400+30"]

1. e4 d6 2. d4 c5 3. dxc5 Qa5+ 4. Nc3 dxc5 5. Bd2 Qd8 6. Nf3 Nc6 7. Bb5 Bd7 8. O-O Nd4 9. Bxd7+ Qxd7 10. Be3 Nxf3+ 11. Qxf3 e6 12. Rad1 Qc6 13. Rfe1 Be7 14. h3 Nf6 15. Bf4 O-O 16. Bg5 h6 17. Bh4 Rfe8 18. Qe3 Rad8 19. Rxd8 Rxd8 20. Qe2 Rd7 21. Rd1 a6 22. Rd3 Rxd3 23. Qxd3 g5 24. Bg3 Qd7 25. Qe2 Qd4 26. Kh2 c4 27. f3 Bc5 28. Qf1 Nh5 29. Be1 b5 30. Nd1 Qxd1 0-1

[Event "XXIV ProAm Copa Clarin 2017"]
[Site "Villa Martelli"]
[Date "2017.10.01"]
[Round "2.25"]
[White "Payba, Joaquin"]
[Black "Sotelo Rojas, Ruben"]
[Result "0-1"]
[ECO "A00"]
[WhiteElo "1100"]
[BlackElo "1767"]
[Annotator "NA RC"]
[PlyCount "114"]
[EventDate "2017.??.??"]
[EventType "swiss"]
[EventCountry "ARG"]
[SourceTitle "playchess.com"]
[Source "ChessBase"]
[SourceQuality "1"]
[TimeControl "5400+30"]

1. e4 d6 2. d4 c6 3. Nc3 Nf6 4. Nf3 Bg4 5. h3 Bh5 6. Bc4 e6 7. g4 Bg6 8. d5 e5 9. Bg5 Be7 10. Bxf6 Bxf6 11. g5 Bxg5 12. h4 Bh6 13. h5 O-O 14. hxg6 fxg6 15. Qe2 Qf6 16. Rh3 Kh8 17. Bb3 Na6 18. Bc4 b5 19. dxc6 bxc4 20. Qxc4 Nc5 21. Nd5 Qe6 22. Qf1 Nxe4 23. Nc7 Bd2+ 24. Kd1 Qxh3 25. Qxh3 Nxf2+ 26. Kxd2 Nxh3 27. Nxa8 Rxa8 28. Rf1 Rc8 29. Kd3 Nf4+ 30. Ke4 Rxc6 31. Nxe5 dxe5 32. Kxe5 g5 33. Rd1 h6 34. Kf5 Kh7 35. c3 Rf6+ 36. Ke5 Kg6 37. c4 Ne6 38. b4 a6 39. c5 Nc7 40. Rd6 h5 41. Rxf6+ gxf6+ 42. Kd6 Nb5+ 43. Kd7 h4 44. a4 Nd4 45. b5 axb5 46. a5 b4 47. a6 Nb5 48. Kc6 b3 49. Kxb5 b2 50. a7 b1=Q+ 51. Ka5 Qb7 52. c6 Qxc6 53. Kb4 h3 54. Ka5 h2 55. Kb4 Qb7+ 56. Ka5 h1=R 57. a8=Q Ra1# 0-1